 Dungeon Crawl Stone Soup version 0.28.0-53-g5a82cb258f (webtiles) character file.

Game seed: 16437375515993731527

298 greasedhog the Poker (level 6, -15/47 HPs)
             Began as a Formicid Abyssal Knight on May 21, 2022.
             Was a Believer of Lugonu.
             Demolished by an ogre
             ... wielding a +0 giant spiked club
              (25 damage)
             ... on level 5 of the Dungeon.
             The game lasted 00:07:57 (3091 turns).

greasedhog the Poker (Formicid Abyssal Knight)      Turns: 3091, Time: 00:07:57

Health: -15/47     AC:  9    Str: 25    XL:     6   Next: 63%
Magic:  8/8        EV:  8    Int: 10    God:    Lugonu [**....]
Gold:   180        SH:  0    Dex: 11    Spells: 5/5 levels left

rFire   . . .      SeeInvis +   a - +2 spear
rCold   . . .      Faith    .   (no shield)
rNeg    . . .      Spirit   .   c - +1 chain mail
rPois   .          Reflect  .   (helmet unavailable)
rElec   .          Harm     .   (no cloak)
rCorr   .          Rampage  .   (no gloves)
Will    .....                   (no boots)
Stlth   ..........              (no amulet)
HPRegen 0.15/turn               e - +6 ring of strength
MPRegen 0.11/turn               k - +4 ring of slaying

@: no status effects
A: permanent stasis, dig shafts and tunnels, antennae 3, four strong arms
a: Dig, Shaft Self, Renounce Religion, Depart the Abyss, Bend Space


You were on level 5 of the Dungeon.
You worshipped Lugonu.
Lugonu was pleased with you.
You visited 1 branch of the dungeon, and saw 5 of its levels.
You visited the Abyss 1 time.

You collected 180 gold pieces.

Inventory:

Hand Weapons
 a - a +2 spear (weapon)
Armour
 c - a +1 chain mail (worn)
Jewellery
 e - a +6 ring of strength (left hand)
 k - a +4 ring of slaying (right hand)
Scrolls
 b - a scroll of acquirement {unknown}
 d - a scroll of fear
 i - a scroll of noise {unknown}
 l - a scroll of amnesia {unknown}
Potions
 f - 2 potions of might
 g - a potion of heal wounds {unknown}
 h - a potion of cancellation {unknown}


   Skills:
 - Level 3.2 Fighting
 * Level 6.1 Polearms
 - Level 2.1 Armour
 - Level 0.8 Dodging
 - Level 3.4 Invocations


You had 5 spell levels left.
You didn't know any spells.
Your spell library contained the following spells:

 Spells                   Type           Power      Damage    Failure   Level
 Call Canine Familiar     Summ           0%         N/A       100%        3
 Ozocubu's Armour         Ice            0%         N/A       100%        3
 Portal Projectile        Hex/Tloc       0%         N/A       100%        3
 Leda's Liquefaction      Hex/Erth       0%         N/A       100%        4
 Ozocubu's Refrigeration  Ice            0%         4d5       100%        7


Dungeon Overview and Level Annotations

Branches:
Dungeon (5/15)
 Temple: D:4-7

Altars:
Cheibriados
Dithmenos
Sif Muna
Uskayaw
Xom
Yredelemnul
Zin

Shops:
D:3 *(


Innate Abilities, Weirdness & Mutations

You cannot be hasted, slowed, berserked, paralysed or teleported.
You can dig through walls and to a lower floor.
You have a pair of large antennae on your head. (SInv)
Your four strong arms can wield two-handed weapons with a shield.


Message History

The killer bee zombie hits you but does no damage.
You hit the killer bee zombie.
The killer bee zombie is severely damaged.
The killer bee zombie barely misses you.
You closely miss the killer bee zombie.
The killer bee zombie is severely damaged.
The killer bee zombie closely misses you.
The killer bee zombie hits you but does no damage.
You closely miss the killer bee zombie.
The killer bee zombie is severely damaged.
The killer bee zombie barely misses you.
You hit the killer bee zombie.
The killer bee zombie is severely damaged.
The killer bee zombie hits you but does no damage.
The killer bee zombie hits you.
You puncture the killer bee zombie!
You destroy the killer bee zombie!
Lugonu accepts your kill.
You hear the slow hiss of a very distant avalanche of sand.
There is an open door here.
Found a hide-covered altar of Uskayaw.
Found a glowing puce potion and 3 scrolls of identify.
An ogre comes into view. It is wielding a +0 giant spiked club.
Okay, then.
You puncture the ogre!
The ogre is heavily wounded.
You hear the slow hiss of a very distant avalanche of sand.
The ogre hits you with a +0 giant spiked club!!
Ouch! That really hurt!
You barely miss the ogre.
The ogre is heavily wounded.
The ogre hits you with a +0 giant spiked club!
* * * LOW HITPOINT WARNING * * *
You hit the ogre.
The ogre is heavily wounded.
You puncture the ogre!
The ogre is severely wounded.
The ogre hits you with a +0 giant spiked club!!
Ouch! That really hurt!
You die...

### ..# #.# #### ##.####
..# #..... #.#
##..##########.#####
................@..#
##.#####.#####.##O.....#
.#... ..... #........!#
.#######.### #..P._.P.?#
.......#.# #........##
######.#.# ##.#.#.###
.......#.. .#...#
######.### .#.### ....<#


You could see an ogre.

Vanquished Creatures
  A sky beast (D:3)
  An orc priest (D:4)
  A bullfrog skeleton (D:5)
  An orc wizard (D:3)
  A killer bee zombie (D:5)
  A gnoll (D:1)
  An adder (D:2)
  An adder skeleton (D:4)
  2 worms (D:3)
  2 dart slugs (D:1)
  6 orcs
  10 ball pythons
  3 endoplasms
  2 giant cockroaches
  7 goblins
  2 hobgoblins (D:1)
  4 jackals (D:4)
  6 quokkas
  4 bats
  5 frilled lizards
  5 kobolds
  5 rats
71 creatures vanquished.

Vanquished Creatures (others)
  A plant (D:4)
1 creature vanquished.

Grand Total: 72 creatures vanquished

Notes
Turn   | Place    | Note
-------+----------+-------------------------------------------
     0 | Abyss:1  | greasedhog the Formicid Abyssal Knight began the quest for
                  | the Orb.
     0 | Abyss:1  | Reached XP level 1. HP: 18/18 MP: 2/2
    49 | D:1      | Escaped the Abyss
   130 | D:1      | Reached XP level 2. HP: 22/24 MP: 3/3
   197 | D:1      | Reached XP level 3. HP: 27/29 MP: 5/5
   269 | D:1      | Reached skill level 3 in Polearms
   341 | D:1      | Found a faded altar of an unknown god.
   469 | D:1      | Reached ** piety under Lugonu
  1003 | D:2      | Reached XP level 4. HP: 30/35 MP: 6/6
  1667 | D:3      | Reached skill level 4 in Polearms
  1710 | D:3      | Found Souggo's Weapon Emporium.
  1711 | D:3      | Noticed a sky beast
  1737 | D:3      | Killed a sky beast
  1738 | D:3      | Reached skill level 5 in Polearms
  1738 | D:3      | Reached XP level 5. HP: 41/41 MP: 7/7
  1791 | D:3      | Reached XP level 6. HP: 47/47 MP: 8/8
  1818 | D:3      | Found Measoita's General Store.
  1848 | D:3      | Found a shimmering altar of Xom.
  1850 | D:3      | Found a shimmering altar of Xom.
  1885 | D:3      | Found a shimmering blue altar of Sif Muna.
  2213 | D:4      | Found a glowing silver altar of Zin.
  2213 | D:4      | Found a basalt altar of Yredelemnul.
  2214 | D:4      | Found a shadowy altar of Dithmenos.
  2525 | D:4      | Found a snail-covered altar of Cheibriados.
  2985 | D:5      | Entered Level 5 of the Dungeon
  3009 | D:5      | Reached skill level 6 in Polearms
  3083 | D:5      | Found a hide-covered altar of Uskayaw.
  3087 | D:5      | Noticed an ogre
  3091 | D:5      | Demolished by an ogre

Illustrated notes

Levels and vault maps discovered:
D:1:      nicolae_arrival_washed_ashore, layout_rooms,
          hellmonk_ecumenical_altar_run_dry, hangedman_decor_growths,
          interstate_on_off, minivault_24
D:2:      layout_loops_ring, minmay_tripent
D:3:      layout_rooms, lemuel_blue_sif_altar, xom_redecorated, serial_shops,
          nicolae_shop_statue_plus, shop
D:4:      layout_loops_ring, lemuel_crystal_altar,
          gammafunk_temple_overflow_forgotten, chequers_serial_rivers_small_3,
          serial_bayou_pond_a
D:5:      layout_basic, mainiacjoe_overflow_boulevard,
          mainiacjoe_overflow_tiny_flanked, enter_ossuary_1

Skill      XL: |  1  2  3  4  5  6 |
---------------+-------------------+-----
Polearms       | 3 5 6 |  6.1
Invocations    | 3 |  3.4
Fighting       | |  3.2
Armour         | |  2.1
Dodging        | |  0.8

Action                   |  1- 3 |  4- 6 || total
-------------------------+-------+-------++-------
Melee: Spear             |   103 |   143 ||   246
       Punch             |       |     1 ||     1
  Use: Scroll            |       |     7 ||     7
Armor: Chain mail        |    34 |    56 ||    90
       Leather armour    |     3 |       ||     3
Dodge: Dodged            |    19 |    38 ||    57
